 Dungeon Crawl Stone Soup version 0.22.0-38-g04b72b8 (webtiles) character file.

87 Tarasboulda the Insei (level 4, -1/33 HPs)
             Began as a Demonspawn Transmuter on Aug 28, 2018.
             Shot with a stone by a goblin (5 damage)
             ... on level 3 of the Dungeon.
             The game lasted 00:11:37 (2851 turns).

Tarasboulda the Insei (Demonspawn Transmuter)       Turns: 2851, Time: 00:11:38

Health: -1/33      AC:  2    Str: 10    XL:     4   Next: 28%
Magic:  6/7        EV: 12    Int: 15    God:
Gold:   186        SH:  0    Dex: 14    Spells: 4/7 levels left

rFire    + . .     SeeInvis .     - Unarmed
rCold    . . .     Gourm    .   (no shield)
rNeg     . . .     Faith    .   b - +0 robe
rPois    .         Spirit   .   (no helmet)
rElec    .         Reflect  .   (no cloak)
rCorr    +         Harm     .   (no gloves)
MR       .....                  (no boots)
Stlth    ..........             c - amulet of rage
HPRegen  0.11/turn              k - ring of attention (curse)
MPRegen  0.10/turn              o - ring of resist corrosion (curse)

@: flying
A: fire resistance 1
a: Evoke Berserk Rage


You were on level 3 of the Dungeon.
You were very hungry.

You visited 1 branch of the dungeon, and saw 3 of its levels.

You collected 186 gold pieces.

Inventory:

Missiles
 a - 30 arrows
Armour
 b - a +0 robe (worn)
 l - a cursed +0 chain mail
 m - a +1 helmet
Jewellery
 c - an amulet of rage (around neck)
 e - an uncursed amulet of faith
 f - an uncursed ring of teleportation
 k - a cursed ring of attention (left hand)
 o - a cursed ring of resist corrosion (right hand)
Scrolls
 h - a scroll of identify
 j - a scroll of enchant armour
 n - a scroll of remove curse
Potions
 g - a potion of curing
Comestibles
 d - 6 rations


   Skills:
 + Level 1.7 Fighting
 + Level 2.2 Dodging
 * Level 3.5 Unarmed Combat
 + Level 2.4 Spellcasting
 + Level 2.3 Transmutations


You had 4 spell levels left.
You knew the following spells:

 Your Spells              Type           Power        Failure   Level  Hunger
a - Beastly Appendage     Tmut           #.....       9%          1    #......
b - Sticks to Snakes      Tmut           #.......     12%         2    ###....

Your spell library contained the following spells:

 Spells                   Type           Power        Failure   Level  Hunger
 Confusing Touch          Hex            #.....       22%         1    #......
 Spider Form              Tmut/Pois      #.........   36%         3    ###....
 Confuse                  Hex            #.......     54%         3    ###....
 Gell's Gravitas          Tloc           #.........   54%         3    ###....
 Ice Form                 Ice/Tmut       #.......     78%         4    #####..
 Petrify                  Tmut/Erth      #.......     78%         4    #####..
 Blade Hands              Tmut           #.........   92%         5    ######.
 Yara's Violent Unravell  Hex/Tmut       #.........   98%         5    ######.
 Metabolic Englaciation   Hex/Ice        #.........   99%         5    ######.


Dungeon Overview and Level Annotations

Branches:
Dungeon (3/15)

Altars:
Gozag


Innate Abilities, Weirdness & Mutations

Your flesh is heat resistant. (rF+)


Message History

The goblin shoots a stone.
The stone closely misses your ball python.
The stone barely misses you.
You see here a stone.
The goblin shoots a stone.
The stone closely misses your ball python.
The stone barely misses you.
You see here a stone.
Okay, then.
Okay, then.
You see here a stone.
You swap places.
The goblin shoots a stone.
The stone hits you.
* * * LOW HITPOINT WARNING * * *
The goblin shoots a stone.
The stone hits your ball python.
Your ball python dies!
There is an open door here.
You see here a goblin skeleton.
The goblin shoots a stone.
The stone barely misses you.
The goblin shoots a stone.
The stone hits you.
You die...

....# #..≈≈.##.....g..((.g.....
.()(#. #..≈≈.##.....##.#######.#
....#.. #..≈≈.##.....##.........#
..((##'##..≈≈.##.....##...(.....#
((g.#....gg≈≈.##.##÷###..........
((..#....g≈≈≈....................
....#≈≈≈≈≈≈≈..##.##.###..###.....
'''##≈≈≈≈≈≈...##.....(...........
...≈≈≈≈.........@##.###..###.##.#
...≈≈##..#.##....##.###..###....#
..)####..#.##....##...........#.#
.......(÷.>(...(.................
######(..#######................#
#...# #.................... #...#
#.##.#####...######.# #...#
#.##.# #...# .# #...#
#.##.#####...#####...


You could see a goblin.

Vanquished Creatures
  3 adders
  An ooze (D:1)
  3 worms
  A dart slug (D:3)
  2 leopard geckos (D:1)
  An orc (D:3)
  A ball python (D:3)
  A giant cockroach (D:3)
  7 goblins
  4 hobgoblins
  4 jackals (D:3)
  A quokka (D:2)
  3 bats
  4 frilled lizards
  5 kobolds
  3 rats
44 creatures vanquished.

Notes
Turn   | Place    | Note
-------+----------+-------------------------------------------
     0 | D:1      | Tarasboulda the Demonspawn Transmuter began the quest for the Orb.
     0 | D:1      | Reached XP level 1. HP: 15/15 MP: 3/3
   379 | D:1      | Gained mutation: Your flesh is heat resistant. (rF+) [demonic ancestry]
   379 | D:1      | Reached XP level 2. HP: 21/21 MP: 3/5
   499 | D:1      | Reached skill level 3 in Unarmed Combat
   995 | D:2      | Reached XP level 3. HP: 22/26 MP: 6/6
  1491 | D:2      | Learned a level 2 spell: Sticks to Snakes
  1951 | D:3      | Found a faded altar of an unknown god.
  2249 | D:3      | Found an opulent altar of Gozag.
  2308 | D:3      | Reached XP level 4. HP: 32/32 MP: 5/7
  2851 | D:3      | Shot with a stone by a goblin

Skill      XL: |  1  2 |
---------------+-------+-----
Dodging        | 2 |  2.2
Unarmed Combat | 3 |  3.5
Transmutations | 2 |  2.3
Fighting       | |  1.7
Spellcasting   | |  2.4

Action                   |  1- 3 |  4- 6 || total
-------------------------+-------+-------++-------
Melee: Unarmed           |   157 |    20 ||   177
       Kick              |    13 |     2 ||    15
       Headbutt          |     4 |       ||     4
       Punch             |     1 |       ||     1
 Cast: Beastly Appendage |    31 |     2 ||    33
       Sticks to Snakes  |       |     5 ||     5
  Use: Scroll            |     4 |       ||     4
       Potion            |     1 |     2 ||     3
 Stab: Sleeping          |     2 |       ||     2
  Eat: Chunk             |     4 |     2 ||     6
Armor: Robe              |    24 |     2 ||    26
Dodge: Dodged            |    87 |    32 ||   119
